Workbook

Sheet Приложение1
C1: Приложение 1 к решению Совета депутатов Алтарского сельского поселения Ромодановского муниципального района Республики Мордовия «О внесении изменений в решение Советадепутатов Алтарского сельского поселения Ромодановского муниципального района Республики Мордовия от 29 декабря 2022 г № 24 «О бюджете Алтарского сельского поселения Ромодановского муниципального района Республики Мордовия на 2023 год и на плановый период 2024 и 2025 годов»
C2: Приложение 2 к решения Совета депутатов Алтарского сельского поселения Ромодановского муниципального района Республики Мордовия «О бюджете Алтарского сельского поселения Ромодановского муниципального района Республики Мордовия на 2023 год и на плановый период 2024 и 2025 годов»
A7: ОБЪЕМ БЕЗВОЗМЕЗДНЫХ ПОСТУПЛЕНИЙ В БЮДЖЕТ АЛТАРСКОГО СЕЛЬСКОГО ПОСЕЛЕНИЯ РОМОДАНОВСКОГО МУНИЦИПАЛЬНОГО РАЙОНА РЕСПУБЛИКИ МОРДОВИЯ НА 2023 ГОД И НА ПЛАНОВЫЙ ПЕРИОД 2024 И 2025 ГОДОВ
E8: (тыс. рублей)
A9: Код | B9: Наименование | C9: Сумма
C10: 2023 год | D10: 2024 год | E10: 2025 год
A11: 1 | B11: 2 | C11: 3 | D11: 4 | E11: 5
A12: 2 00 00000 00 0000 000 | B12: БЕЗВОЗМЕЗДНЫЕ ПОСТУПЛЕНИЯ | C12: =C13 -> 1210.2 | D12: =D13 -> 715.9 | E12: =E13 -> 776.8
A13: 2 02 00000 00 0000 000 | B13: Безвозмездные поступления от других бюджетов бюджетной системы Российской Федерации | C13: =C14+C22+C27+C20+C17 -> 1210.2 | D13: =D14+D22+D27 -> 715.9 | E13: =E14+E22+E27 -> 776.8
A14: 2 02 10000 00 0000 150 | B14: Дотации бюджетам бюджетной системы Российской Федерации | C14: =C15 -> 542.6 | D14: =D15 -> 481.5 | E14: =E15 -> 538.1
A15: 2 02 15001 00 0000 150 | B15: Дотации на выравнивание бюджетной обеспеченности | C15: =C16 -> 542.6 | D15: =D16 -> 481.5 | E15: =E16 -> 538.1
A16: 2 02 15001 10 0000 150 | B16: Дотации бюджетам сельских поселений на выравнивание бюджетной обеспеченности из бюджета субъекта Российской Федерации | C16: 542.6 | D16: 481.5 | E16: 538.1
A17: 2 02 15002 00 0000 150 | B17: Дотация бюджетам на поддержку мер по обеспечению сбалансированности бюджетов | C17: =C18 -> 258.3
A18: 2 02 15002 10 0000 150 | B18: Дотации бюджетам сельских поселений на поддержку мер по обеспечению сбалансированности бюджетов | C18: 258.3
A19: 2 02 20000 00 0000 150 | B19: Субсидии бюджетам бюджетной системы Российской Федерации (межбюджетные субсидии) | C19: =C20 -> 180
A20: 2 02 29999 00 0000 150 | B20: Прочие субсидии | C20: =C21 -> 180
A21: 2 02 29999 10 0000 150 | B21: Прочие субсидии бюджетам сельских поселений | C21: 180
A22: 2 02 30000 00 0000 150 | B22: Субвенции бюджетам бюджетной системы Российской Федерации | C22: =C23+C25 -> 109.9 | D22: =D23+D25 -> 115 | E22: =E23+E25 -> 119.3
A23: 2 02 30024 00 0000 150 | B23: Субвенции местным бюджетам на выполнение передаваемых полномочий субъектов Российской Федерации | C23: =C24 -> 0.6 | D23: =D24 -> 0.6 | E23: =E24 -> 0.6
A24: 2 02 30024 10 0000 150 | B24: Субвенции бюджетам сельских поселений на выполнение передаваемых полномочий субъектов Российской Федерации | C24: 0.6 | D24: 0.6 | E24: 0.6
A25: 2 02 35118 00 0000 150 | B25: Субвенции бюджетам на осуществление первичного воинского учета органами местного самоуправления поселений, муниципальных и городских округов | C25: =C26 -> 109.3 | D25: =D26 -> 114.4 | E25: =E26 -> 118.7
A26: 2 02 35118 10 0000 150 | B26: Субвенции бюджетам сельских поселений на осуществление первичного воинского учета органами местного самоуправления поселений, муниципальных и городских округов | C26: 109.3 | D26: 114.4 | E26: 118.7
A27: 2 02 40000 00 0000 150 | B27: Иные межбюджетные трансферты | C27: =C28 -> 119.4 | D27: =D28 -> 119.4 | E27: =E28 -> 119.4
A28: 2 02 40014 00 0000 150 | B28: Межбюджетные трансферты, передаваемые бюджетам муниципальных образований на осуществление части полномочий по решению вопросов местного значения в соответветствии с заключенными соглашениями | C28: =C29 -> 119.4 | D28: =D29 -> 119.4 | E28: =E29 -> 119.4
A29: 2 02 40014 10 0000 150 | B29: Межбюджетные трансферты, передаваемые бюджетам сельских поселений из бюджетов муниципальных районов на осуществление части полномочий по решению вопросов местного значения в соответветствии с заключенными соглашениями | C29: 119.4 | D29: 119.4 | E29: 119.4

Sheet Приложение 2
I1: Приложение 2 к решению Совета депутатов Алтарского сельского поселения Ромодановского муниципального района Республики Мордовия «О внесении изменений в решение Совета депутатов Алтарского сельского поселения Ромодановского муниципального района Республики Мордовия от 29 декабря 2022 г № 24 «О бюджете Алтарского сельского поселения Ромодановского муниципального района Республики Мордовия на 2023 год и на плановый период 2024 и 2025 годов»
I2: Приложение 3 к пректу решения Совета депутатов Алтарского сельского поселения Ромодановского муниципального района Республики Мордовия «О бюджете Алтарского сельского поселения Ромодановского муниципального района Республики Мордовия на 2023 год и на плановый период 2024 и 2025 годов»
A3: ВЕДОМСТВЕННАЯ СТРУКТУРА РАСХОДОВ БЮДЖЕТА АЛТАРСКОГО СЕЛЬСКОГО ПОСЕЛЕНИЯ РОМОДАНОВСКОГО МУНИЦИПАЛЬНОГО РАЙОНА РЕСПУБЛИКИ МОРДОВИЯ НА 2023 ГОД И НА ПЛАНОВЫЙ ПЕРИОД 2024 И 2025 ГОДОВ
I4: (тыс. рублей)
A5: Наименование | B5: Адм | C5: Рз | D5: Прз | E5: Цср | I5: Вр | J5: Сумма
J6: 2023 год | K6: 2024 год | L6: 2025 год
A7: 1 | B7: 2 | C7: 3 | D7: 4 | E7: 5 | F7: 6 | G7: 7 | H7: 8 | I7: 9 | J7: 10 | K7: 11 | L7: 12
A8: Администрация Алтарского сельского поселения Ромодановского муниципального района Республики Мордовия | B8: 909 | J8: =J9+J44+J54+J61+J72+J79 -> 2004.7 | K8: =K9+K44+K54+K61+K72+K86+K79 -> 1208.1 | L8: =L9+L44+L54+L61+L72+L86+L79 -> 1258.1
A9: Общегосударственные вопросы | B9: 909 | C9: 01 | J9: =J10+J19+J38 -> 1493.1 | K9: =K10+K19+K38 -> 833.6 | L9: =L10+L19+L38 -> 850.4
A10: Функционирование высшего должностного лица субъекта Российской Федерации и муниципального образования | B10: 909 | C10: 01 | D10: 02 | J10: =J11 -> 496.2 | K10: =K11 -> 317 | L10: =L11 -> 360.8
A11: Обеспечение деятельности Администрации Алтарского сельского поселения Ромодановского муниципального района Республики Мордовия | B11: 909 | C11: 01 | D11: 02 | E11: 65 | J11: =J12 -> 496.2 | K11: =K12 -> 317 | L11: =L12 -> 360.8
A12: Высшее должностное лицо | B12: 909 | C12: 01 | D12: 02 | E12: 65 | F12: 1 | J12: =J13+J16 -> 496.2 | K12: =K13 -> 317 | L12: =L13 -> 360.8
A13: Расходы на выплаты по оплате труда высшего должностного лица | B13: 909 | C13: 01 | D13: 02 | E13: 65 | F13: 1 | G13: 00 | H13: 41150 | J13: =J14 -> 396.2 | K13: =K14 -> 317 | L13: =L14 -> 360.8
A14: Расходы на выплаты персоналу в целях обеспечения выполнения функций государственными (муниципальными) органами, казенными учреждениями, органами управления государственными внебюджетными фондами | B14: 909 | C14: 01 | D14: 02 | E14: 65 | F14: 1 | G14: 00 | H14: 41150 | I14: 100 | J14: =J15 -> 396.2 | K14: =K15 -> 317 | L14: =L15 -> 360.8
A15: Расходы на выплаты персоналу государственных (муниципальных) органов | B15: 909 | C15: 01 | D15: 02 | E15: 65 | F15: 1 | G15: 00 | H15: 41150 | I15: 120 | J15: 396.2 | K15: 317 | L15: 360.8
A16: Субсидии на софинансирование расходных обязательств по финансовому обеспечению деятельности органов местного самоуправления и муниципальных учреждений | B16: 909 | C16: 01 | D16: 02 | E16: 65 | F16: 1 | G16: 00 | H16: 44205 | J16: =J17 -> 100
A17: =A14 -> Расходы на выплаты персоналу в целях обеспечения выполнения функций государственными (муниципальными) органами, казенными учреждениями, органами управления государственными внебюджетными фондами | B17: 909 | C17: 01 | D17: 02 | E17: 65 | F17: 1 | G17: 00 | H17: 44205 | I17: 100 | J17: =J18 -> 100
A18: =A15 -> Расходы на выплаты персоналу государственных (муниципальных) органов | B18: 909 | C18: 01 | D18: 02 | E18: 65 | F18: 1 | G18: 00 | H18: 44205 | I18: 120 | J18: 100
A19: Функционирование Правительства Российской Федерации, высших исполнительных органов государственной власти субъектов Российской Федерации, местных администраций | B19: 909 | C19: 01 | D19: 04 | J19: =J20+J34 -> 991.9 | K19: =K20+K34 -> 511.6 | L19: =L20+L34 -> 484.6
A20: Обеспечение деятельности Администрации Алтарского сельского поселения Ромодановского муниципального района Республики Мордовия | B20: 909 | C20: 01 | D20: 04 | E20: 65 | J20: =J21 -> 991.3 | K20: =K21 -> 511 | L20: =L21 -> 484
A21: Расходы в рамках обеспечения деятельности Администрации Алтарского сельского поселения | B21: 909 | C21: 01 | D21: 04 | E21: 65 | F21: 2 | J21: =J22+J25+J30 -> 991.3 | K21: =K22+K25 -> 511 | L21: =L22+L25 -> 484
A22: Расходы на выплаты по оплате труда работников органов местного самоуправления | B22: 909 | C22: 01 | D22: 04 | E22: 65 | F22: 2 | G22: 00 | H22: 41110 | J22: =J23 -> 425.4 | K22: =K23 -> 380 | L22: =L23 -> 314.6
A23: Расходы на выплаты персоналу в целях обеспечения выполнения функций государственными (муниципальными) органами, казенными учреждениями, органами управления государственными внебюджетными фондами | B23: 909 | C23: 01 | D23: 04 | E23: 65 | F23: 2 | G23: 00 | H23: 41110 | I23: 100 | J23: =J24 -> 425.4 | K23: =K24 -> 380 | L23: =L24 -> 314.6
A24: Расходы на выплаты персоналу государственных (муниципальных) органов | B24: 909 | C24: 01 | D24: 04 | E24: 65 | F24: 2 | G24: 00 | H24: 41110 | I24: 120 | J24: 425.4 | K24: 380 | L24: 314.6
A25: Расходы на обеспечение функций органов местного самоуправления | B25: 909 | C25: 01 | D25: 04 | E25: 65 | F25: 2 | G25: 00 | H25: 41120 | J25: =+J26+J28 -> 485.9 | K25: =+K26+K28 -> 131 | L25: =+L26+L28 -> 169.4
A26: Закупка товаров, работ и услуг для обеспечения государственных (муниципальных) нужд | B26: 909 | C26: 01 | D26: 04 | E26: 65 | F26: 2 | G26: 00 | H26: 41120 | I26: 200 | J26: =J27 -> 476.9 | K26: =K27 -> 122 | L26: =L27 -> 160.4
A27: Иные закупки товаров, работ и услуг для обеспечения государственных (муниципальных) нужд | B27: 909 | C27: 01 | D27: 04 | E27: 65 | F27: 2 | G27: 00 | H27: 41120 | I27: 240 | J27: 476.9 | K27: 122 | L27: 160.4
A28: Иные бюджетные ассигнования | B28: 909 | C28: 01 | D28: 04 | E28: 65 | F28: 2 | G28: 00 | H28: 41120 | I28: 800 | J28: =J29 -> 9 | K28: =K29 -> 9 | L28: =L29 -> 9
A29: Уплата налогов, сборов и иных платежей | B29: 909 | C29: 01 | D29: 04 | E29: 65 | F29: 2 | G29: 00 | H29: 41120 | I29: 850 | J29: 9 | K29: 9 | L29: 9
A30: =A16 -> Субсидии на софинансирование расходных обязательств по финансовому обеспечению деятельности органов местного самоуправления и муниципальных учреждений | B30: 909 | C30: 01 | D30: 04 | E30: 65 | F30: 2 | G30: 00 | H30: 44205 | J30: =J31 -> 80
A31: =A23 -> Расходы на выплаты персоналу в целях обеспечения выполнения функций государственными (муниципальными) органами, казенными учреждениями, органами управления государственными внебюджетными фондами | B31: 909 | C31: 01 | D31: 04 | E31: 65 | F31: 2 | G31: 00 | H31: 44205 | I31: 100 | J31: =J32 -> 80
A32: =A24 -> Расходы на выплаты персоналу государственных (муниципальных) органов | B32: 909 | C32: 01 | D32: 04 | E32: 65 | F32: 2 | G32: 00 | H32: 44205 | I32: 120 | J32: 80
A33: =A74 -> Непрограммные расходы главных распорядителей средств бюджета Алтарского сельского поселения Ромодановского муниципального района Республики Мордовия | B33: 909 | C33: 01 | D33: 04 | E33: 89 | J33: =J34 -> 0.6 | K33: =K34 -> 0.6 | L33: =L34 -> 0.6
A34: Непрограммные расходы в рамках обеспечения деятельности главных распорядителей средств бюджета Алтарского сельского поселения Ромодановского муниципального района Республики Мордовия | B34: 909 | C34: 01 | D34: 04 | E34: 89 | F34: 1 | J34: =J35 -> 0.6 | K34: =K35 -> 0.6 | L34: =L35 -> 0.6
A35: Осуществление государственных полномочий Республики Мордовия по определению перечня должностных лиц, уполномоченных составлять протоколы об административных правонарушениях, предусмотренных Законом Республики Мордовия от 15 июня 2015 года № 38-З "Об административной ответственности на территории Республики Мордовия" | B35: 909 | C35: 01 | D35: 04 | E35: 89 | F35: 1 | G35: 00 | H35: 77150 | J35: =J36 -> 0.6 | K35: =K36 -> 0.6 | L35: =L36 -> 0.6
A36: Закупка товаров, работ и услуг для обеспечения государственных (муниципальных) нужд | B36: 909 | C36: 01 | D36: 04 | E36: 89 | F36: 1 | G36: 00 | H36: 77150 | I36: 200 | J36: =J37 -> 0.6 | K36: =K37 -> 0.6 | L36: =L37 -> 0.6
A37: Иные закупки товаров, работ и услуг для обеспечения государственных (муниципальных) нужд | B37: 909 | C37: 01 | D37: 04 | E37: 89 | F37: 1 | G37: 00 | H37: 77150 | I37: 240 | J37: 0.6 | K37: 0.6 | L37: 0.6
A38: Резервные фонды | B38: 909 | C38: 01 | D38: 11 | J38: =J39 -> 5 | K38: =K39 -> 5 | L38: =L39 -> 5
A39: Непрограммные расходы главных распорядителей средств бюджета Алтарского сельского поселения Ромодановского муниципального района Республики Мордовия | B39: 909 | C39: 01 | D39: 11 | E39: 89 | J39: =J40 -> 5 | K39: =K40 -> 5 | L39: =L40 -> 5
A40: Непрограммные расходы в рамках обеспечения деятельности главных распорядителей средств бюджета Алтарского сельского поселения Ромодановского муниципального района Республики Мордовия | B40: 909 | C40: 01 | D40: 11 | E40: 89 | F40: 1 | J40: =J41 -> 5 | K40: =K41 -> 5 | L40: =L41 -> 5
A41: Резервный фонд администрации Алтарского сельского поселения Ромодановского муниципального района Республики Мордовия | B41: 909 | C41: 01 | D41: 11 | E41: 89 | F41: 1 | G41: 00 | H41: 41180 | J41: =J43 -> 5 | K41: =K43 -> 5 | L41: =L43 -> 5
A42: Иные бюджетные ассигнования | B42: 909 | C42: 01 | D42: 11 | E42: 89 | F42: 1 | G42: 00 | H42: 41180 | I42: 800 | J42: =J43 -> 5 | K42: =K43 -> 5 | L42: =L43 -> 5
A43: Резервные средства | B43: 909 | C43: 01 | D43: 11 | E43: 89 | F43: 1 | G43: 00 | H43: 41180 | I43: 870 | J43: 5 | K43: 5 | L43: 5
A44: Национальная оборона | B44: 909 | C44: 02 | J44: =J45 -> 109.3 | K44: =K45 -> 114.4 | L44: =L45 -> 118.7
A45: Мобилизационная и вневойсковая подготовка | B45: 909 | C45: 02 | D45: 03 | J45: =J46 -> 109.3 | K45: =K46 -> 114.4 | L45: =L46 -> 118.7
A46: Государственная программа повышения эффективности управления государственными финансами в Республики Мордовия | B46: 909 | C46: 02 | D46: 03 | E46: 17 | J46: =J47 -> 109.3 | K46: =K47 -> 114.4 | L46: =L47 -> 118.7
A47: Подпрограмма "Повышения эффективности межбюджетных отношений" | B47: 909 | C47: 02 | D47: 03 | E47: 17 | F47: 3 | J47: =J48 -> 109.3 | K47: =K48 -> 114.4 | L47: =L48 -> 118.7
A48: Основное мероприятие "Обеспечение осуществления органами местного самоуправления отдельных государственных полномочий" | B48: 909 | C48: 02 | D48: 03 | E48: 17 | F48: 3 | G48: 02 | J48: =J49 -> 109.3 | K48: =K49 -> 114.4 | L48: =L49 -> 118.7
A49: Осуществление государственных пономочий Российской Федерации по первичному воинскому учету на территориях, где отсутствуют военные комиссариаты | B49: 909 | C49: 02 | D49: 03 | E49: 17 | F49: 3 | G49: 02 | H49: 51180 | J49: =J52+J50 -> 109.3 | K49: =K52+K50 -> 114.4 | L49: =L52+L50 -> 118.7
A50: Расходы на выплаты персоналу в целях обеспечения выполнения функций государственными (муниципальными) органами, казенными учреждениями, органами управления государственными внебюджетными фондами | B50: 909 | C50: 02 | D50: 03 | E50: 17 | F50: 3 | G50: 02 | H50: 51180 | I50: 100 | J50: =J51 -> 106.3 | K50: =K51 -> 111.4 | L50: =L51 -> 115.7
A51: Расходы на выплаты персоналу государственных (муниципальных) органов | B51: 909 | C51: 02 | D51: 03 | E51: 17 | F51: 3 | G51: 02 | H51: 51180 | I51: 120 | J51: 106.3 | K51: 111.4 | L51: 115.7
A52: Закупка товаров, работ и услуг для обеспечения государственных (муниципальных) нужд | B52: 909 | C52: 02 | D52: 03 | E52: 17 | F52: 3 | G52: 02 | H52: 51180 | I52: 200 | J52: =J53 -> 3 | K52: 3 | L52: =L53 -> 3
A53: Иные закупки товаров, работ и услуг для обеспечения государственных (муниципальных) нужд | B53: 909 | C53: 02 | D53: 03 | E53: 17 | F53: 3 | G53: 02 | H53: 51180 | I53: 240 | J53: 3 | K53: 3 | L53: 3
A54: Национальная экономика | B54: 909 | C54: 04 | J54: =J55 -> 119.4 | K54: =K55 -> 119.4 | L54: =L55 -> 119.4
A55: Дорожное хозяйство (дорожные фонды) | B55: 909 | C55: 04 | D55: 09 | J55: =J56 -> 119.4 | K55: =K56 -> 119.4 | L55: =L56 -> 119.4
A56: Муниципальная программа «Комплексного развития транспортной инфраструктуры Алтарского сельского поселения Ромодановского муниципального района Республики Мордовия на 2017- 2025года" | B56: 909 | C56: 04 | D56: 09 | E56: 13 | J56: =J58 -> 119.4 | K56: =K58 -> 119.4 | L56: =L58 -> 119.4
A57: Основное мероприятие "Ремонт и содержание дорог в границах поселения, поддержание дорожного полотна в работоспособном состоянии" | B57: 909 | C57: 04 | D57: 09 | E57: 13 | F57: 0 | G57: 01 | J57: =J58 -> 119.4 | K57: =K58 -> 119.4 | L57: =L58 -> 119.4
A58: Иные межбюджетные трансферты на осуществление полномочий по дорожной деятельности в отношении автомобильных дорог местного значения в границах населенных пунктов поселения и обеспечению безопасности дорожного движения на них, включая создание и обеспечение функционирования парковок (парковочных мест), осуществлению муниципального контроля за сохранностью автомобильных дорог местного значения в границах населенных пунктов поселения, организации дорожного движения, а также осуществлению иных полномочий в области использования автомобильных дорог и осуществления дорожной деятельности в соответствии с законодательством Российской Федерации | B58: 909 | C58: 04 | D58: 09 | E58: 13 | F58: 0 | G58: 01 | H58: 44102 | J58: =J59 -> 119.4 | K58: =K59 -> 119.4 | L58: =L59 -> 119.4
A59: Закупка товаров, работ и услуг для обеспечения государственных (муниципальных) нужд | B59: 909 | C59: 04 | D59: 09 | E59: 13 | F59: 0 | G59: 01 | H59: 44102 | I59: 200 | J59: =J60 -> 119.4 | K59: =K60 -> 119.4 | L59: =L60 -> 119.4
A60: Иные закупки товаров, работ и услуг для обеспечения государственных (муниципальных) нужд | B60: 909 | C60: 04 | D60: 09 | E60: 13 | F60: 0 | G60: 01 | H60: 44102 | I60: 240 | J60: 119.4 | K60: 119.4 | L60: 119.4
A61: Жилищно-коммунальное хозяйство | B61: 909 | C61: 05 | J61: =J62 -> 239.8 | K61: =K62 -> 69 | L61: =L62 -> 69
A62: Благоустройство | B62: 909 | C62: 05 | D62: 03 | J62: =J63 -> 239.8 | K62: =K63 -> 69 | L62: =L63+L68 -> 69
A63: Муниципальная программа «Комплексного развития социальной инфраструктуры Алтарского сельского поселения Ромодановского муниципального района Республики Мордовия на 2018-2028 годы" | B63: 909 | C63: 05 | D63: 03 | E63: 10 | J63: =J64+J68 -> 239.8 | K63: =K64+K68 -> 69 | L63: =L64 -> 0
A64: Основное мероприятие "Благоустройство территории " | B64: 909 | C64: 05 | D64: 03 | E64: 10 | F64: 0 | G64: 07 | J64: =J65 -> 114.8 | K64: =K65 -> 0 | L64: =L65 -> 0
A65: Прочие мероприятия по благоустройству | B65: 909 | C65: 05 | D65: 03 | E65: 10 | F65: 0 | G65: 07 | H65: 43040 | J65: =J66 -> 114.8 | K65: =K66 -> 0 | L65: =L66 -> 0
A66: Закупка товаров, работ и услуг для обеспечения государственных (муниципальных) нужд | B66: 909 | C66: 05 | D66: 03 | E66: 10 | F66: 0 | G66: 07 | H66: 43040 | I66: 200 | J66: =J67 -> 114.8 | L66: =L67 -> 0
A67: Иные закупки товаров, работ и услуг для обеспечения государственных (муниципальных) нужд | B67: 909 | C67: 05 | D67: 03 | E67: 10 | F67: 0 | G67: 07 | H67: 43040 | I67: 240 | J67: 114.8
A68: Основсное мероприятие "Освещение территории сельского поселения" | B68: 909 | C68: 05 | D68: 03 | E68: 10 | F68: 0 | G68: 08 | J68: =J69 -> 125 | K68: =K69 -> 69 | L68: =L69 -> 69
A69: уличное освещения | B69: 909 | C69: 05 | D69: 03 | E69: 10 | F69: 0 | G69: 08 | H69: 43010 | J69: =J70 -> 125 | K69: =K70 -> 69 | L69: =L70 -> 69
A70: =A66 -> Закупка товаров, работ и услуг для обеспечения государственных (муниципальных) нужд | B70: 909 | C70: 05 | D70: 03 | E70: 10 | F70: 0 | G70: 08 | H70: 43010 | I70: 200 | J70: =J71 -> 125 | K70: =K71 -> 69 | L70: =L71 -> 69
A71: =A67 -> Иные закупки товаров, работ и услуг для обеспечения государственных (муниципальных) нужд | B71: 909 | C71: 05 | D71: 03 | E71: 10 | F71: 0 | G71: 08 | H71: 43010 | I71: 240 | J71: 125 | K71: 69 | L71: 69
A72: Социальная политика | B72: 909 | C72: 10 | J72: =J73 -> 41.5 | K72: =K73 -> 41.5 | L72: =L73 -> 41.5
A73: Пенсионное обеспечение | B73: 909 | C73: 10 | D73: 01 | J73: =J74 -> 41.5 | K73: =K74 -> 41.5 | L73: =L74 -> 41.5
A74: Непрограммные расходы главных распорядителей средств бюджета Алтарского сельского поселения Ромодановского муниципального района Республики Мордовия | B74: 909 | C74: 10 | D74: 01 | E74: 89 | J74: =J75 -> 41.5 | K74: =K75 -> 41.5 | L74: =L75 -> 41.5
A75: Непрограммные расходы в рамках обеспечения деятельности главных распорядителей средств бюджета Алтарского сельского поселения Ромодановского муниципального района Республики Мордовия | B75: 909 | C75: 10 | D75: 01 | E75: 89 | F75: 1 | J75: =J76 -> 41.5 | K75: =K76 -> 41.5 | L75: =L76 -> 41.5
A76: Доплаты к пенсиям муниципальных служащих Республики Мордовия | B76: 909 | C76: 10 | D76: 01 | E76: 89 | F76: 1 | G76: 00 | H76: 03010 | J76: =J77 -> 41.5 | K76: =K77 -> 41.5 | L76: =L77 -> 41.5
A77: Социальное обеспечение и иные выплаты населению | B77: 909 | C77: 10 | D77: 01 | E77: 89 | F77: 1 | G77: 00 | H77: 03010 | I77: 300 | J77: =J78 -> 41.5 | K77: =K78 -> 41.5 | L77: =L78 -> 41.5
A78: Публичные нормативные социальные выплаты гражданам | B78: 909 | C78: 10 | D78: 01 | E78: 89 | F78: 1 | G78: 00 | H78: 03010 | I78: 310 | J78: 41.5 | K78: 41.5 | L78: 41.5
A79: Обслуживание государственного (муниципального)долга | B79: 909 | C79: 13 | J79: =J80 -> 1.6 | K79: =K80 -> 1.6 | L79: =L80 -> 1.6
A80: Обслуживание государственного (муниципального)внутреннего долга | B80: 909 | C80: 13 | D80: 01 | J80: =J81 -> 1.6 | K80: =K81 -> 1.6 | L80: =L81 -> 1.6
A81: =A74 -> Непрограммные расходы главных распорядителей средств бюджета Алтарского сельского поселения Ромодановского муниципального района Республики Мордовия | B81: 909 | C81: 13 | D81: 01 | E81: 89 | J81: =J82 -> 1.6 | K81: =K82 -> 1.6 | L81: =L82 -> 1.6
A82: =A75 -> Непрограммные расходы в рамках обеспечения деятельности главных распорядителей средств бюджета Алтарского сельского поселения Ромодановского муниципального района Республики Мордовия | B82: 909 | C82: 13 | D82: 01 | E82: 89 | F82: 1 | J82: =J83 -> 1.6 | K82: =K83 -> 1.6 | L82: =L83 -> 1.6
A83: Процентные платежи по муниципальному долгу | B83: 909 | C83: 13 | D83: 01 | E83: 89 | F83: 1 | G83: 00 | H83: 41240 | J83: =J84 -> 1.6 | K83: =K84 -> 1.6 | L83: =L84 -> 1.6
A84: обслуживание государственного (муниципального)долга | B84: 909 | C84: 13 | D84: 01 | E84: 89 | F84: 1 | G84: 00 | H84: 41240 | I84: 700 | J84: =J85 -> 1.6 | K84: =K85 -> 1.6 | L84: =L85 -> 1.6
A85: Обслуживание муниципального долга | B85: 909 | C85: 13 | D85: 01 | E85: 89 | F85: 1 | G85: 00 | H85: 41240 | I85: 730 | J85: 1.6 | K85: 1.6 | L85: 1.6
A86: Условно утвержденные расходы | B86: 909 | C86: 99 | K86: =K87 -> 28.6 | L86: =L87 -> 57.5
A87: Условно утвержденные расходы | B87: 909 | C87: 99 | D87: 99 | K87: =K88 -> 28.6 | L87: =L88 -> 57.5
A88: =A11 -> Обеспечение деятельности Администрации Алтарского сельского поселения Ромодановского муниципального района Республики Мордовия | B88: 909 | C88: 99 | D88: 99 | E88: 65 | K88: =K89 -> 28.6 | L88: =L89 -> 57.5
A89: Высшее должностное лицо | B89: 909 | C89: 99 | D89: 99 | E89: 65 | F89: 1 | K89: =K90 -> 28.6 | L89: =L90 -> 57.5
A90: Условно утвержденные расходы | B90: 909 | C90: 99 | D90: 99 | E90: 65 | F90: 1 | G90: 00 | H90: 41990 | K90: =K91 -> 28.6 | L90: =L91 -> 57.5
A91: Иные бюджетные ассигнования | B91: 909 | C91: 99 | D91: 99 | E91: 65 | F91: 1 | G91: 00 | H91: 41990 | I91: 800 | K91: =K92 -> 28.6 | L91: =L92 -> 57.5
A92: Резервные средства | B92: 909 | C92: 99 | D92: 99 | E92: 65 | F92: 1 | G92: 00 | H92: 41990 | I92: 870 | K92: 28.6 | L92: 57.5

Sheet Приложение 3
H1: Приложение 3 к решению Совета депутатов Алтарского сельского поселения Ромодановского муниципального района Республики Мордовия «О внесении изменений в решение Совета депутатов Алтарского сельского поселения Ромодановского муниципального района Республики Мордовия от 29 декабря 2022 г № 24 «О бюджете Алтарского сельского поселения Ромодановского муниципального района Республики Мордовия на 2023 год и на плановый период 2024 и 2025 годов»
H2: Приложение 4 к решению Совета депутатов Алтарского сельского поселения Ромодановского муниципального района Республики Мордовия «О бюджетеАлтарского сельского поселеняи Ромодановского муниципального района Республики Мордовия на 2023 год и на плановый период 2024 и 2025 годов»
A3: РАСПРЕДЕЛЕНИЕ БЮДЖЕТНЫХ АССИГНОВАНИЙ БЮДЖЕТА АЛТАРСКОГО СЕЛЬСКОГО ПОСЕЛЕНИЯ РОМОДАНОВСКОГО МУНИЦИПАЛЬНОГО РАЙОНА РЕСПУБЛИКИ МОРДОВИЯ ПО РАЗДЕЛАМ, ПОДРАЗДЕЛАМ, ЦЕЛЕВЫМ СТАТЬЯМ (МУНИЦИПАЛЬНЫМ ПРОГРАММАМ И НЕПРОГРАММНЫМ НАПРАВЛЕНИЯМ ДЕЯТЕЛЬНОСТИ), ГРУППАМ И ПОДГРУППАМ ВИДОВ РАСХОДОВ КЛАССИФИКАЦИИ РАСХОДОВ БЮДЖЕТОВ НА 2023 ГОД И НА ПЛАНОВЫЙ ПЕРИОД 2024 И 2025 ГОДОВ
H4: (тыс. рублей)
A5: Наименование | B5: Рз | C5: Прз | D5: Цср | H5: Вр | I5: Сумма
I6: 2023 год | J6: 2024 год | K6: 2025 год
A7: 1 | B7: 2 | C7: 3 | D7: 4 | E7: 5 | F7: 6 | G7: 7 | H7: 8 | I7: 9 | J7: 10 | K7: 11
A8: ВСЕГО | I8: =I9+I44+I54+I61+I72+I79 -> 2004.7 | J8: =J9+J44+J54+J61+J72+J86+J79 -> 1208.1 | K8: =K9+K44+K54+K61+K72+K86+K79 -> 1258.1
A9: Общегосударственные вопросы | B9: 01 | I9: =I10+I19+I38 -> 1493.1 | J9: =J10+J19+J38 -> 833.6 | K9: =K10+K19+K38 -> 850.4
A10: ='Приложение 2'!A10 -> Функционирование высшего должностного лица субъекта Российской Федерации и муниципального образования | B10: 01 | C10: 02 | I10: =I11 -> 496.2 | J10: =J11 -> 317 | K10: =K11 -> 360.8
A11: ='Приложение 2'!A11 -> Обеспечение деятельности Администрации Алтарского сельского поселения Ромодановского муниципального района Республики Мордовия | B11: 01 | C11: 02 | D11: 65 | I11: =I12 -> 496.2 | J11: =J12 -> 317 | K11: =K12 -> 360.8
A12: Высшее должностное лицо | B12: 01 | C12: 02 | D12: 65 | E12: 1 | I12: =I13+I16 -> 496.2 | J12: =J13 -> 317 | K12: =K13 -> 360.8
A13: Расходы на выплаты по оплате труда высшего должностного лица | B13: 01 | C13: 02 | D13: 65 | E13: 1 | F13: 00 | G13: 41150 | I13: =I14 -> 396.2 | J13: =J14 -> 317 | K13: =K14 -> 360.8
A14: Расходы на выплаты персоналу в целях обеспечения выполнения функций государственными (муниципальными) органами, казенными учреждениями, органами управления государственными внебюджетными фондами | B14: 01 | C14: 02 | D14: 65 | E14: 1 | F14: 00 | G14: 41150 | H14: 100 | I14: =I15 -> 396.2 | J14: =J15 -> 317 | K14: =K15 -> 360.8
A15: Расходы на выплаты персоналу государственных (муниципальных) органов | B15: 01 | C15: 02 | D15: 65 | E15: 1 | F15: 00 | G15: 41150 | H15: 120 | I15: ='Приложение 2'!J15 -> 396.2 | J15: ='Приложение 2'!K15 -> 317 | K15: ='Приложение 2'!L15 -> 360.8
A16: ='Приложение 2'!A16 -> Субсидии на софинансирование расходных обязательств по финансовому обеспечению деятельности органов местного самоуправления и муниципальных учреждений | B16: 01 | C16: 02 | D16: 65 | E16: 1 | F16: 00 | G16: 44205 | I16: =I17 -> 100
A17: ='Приложение 2'!A17 -> Расходы на выплаты персоналу в целях обеспечения выполнения функций государственными (муниципальными) органами, казенными учреждениями, органами управления государственными внебюджетными фондами | B17: 01 | C17: 02 | D17: 65 | E17: 1 | F17: 00 | G17: 44205 | H17: 100 | I17: =I18 -> 100
A18: ='Приложение 2'!A18 -> Расходы на выплаты персоналу государственных (муниципальных) органов | B18: 01 | C18: 02 | D18: 65 | E18: 1 | F18: 00 | G18: 44205 | H18: 120 | I18: ='Приложение 2'!J18 -> 100
A19: Функционирование Правительства Российской Федерации, высших исполнительных органов государственной власти субъектов Российской Федерации, местных администраций | B19: 01 | C19: 04 | I19: =I20+I33 -> 991.9 | J19: =J20+J33 -> 511.6 | K19: =K20+K33 -> 484.6
A20: ='Приложение 2'!A20 -> Обеспечение деятельности Администрации Алтарского сельского поселения Ромодановского муниципального района Республики Мордовия | B20: 01 | C20: 04 | D20: 65 | I20: =I21 -> 991.3 | J20: =J21 -> 511 | K20: =K21 -> 484
A21: ='Приложение 2'!A21 -> Расходы в рамках обеспечения деятельности Администрации Алтарского сельского поселения | B21: 01 | C21: 04 | D21: 65 | E21: 2 | I21: =I22+I25+I30 -> 991.3 | J21: =J22+J25 -> 511 | K21: =K22+K25 -> 484
A22: Расходы на выплаты по оплате труда работников органов местного самоуправления | B22: 01 | C22: 04 | D22: 65 | E22: 2 | F22: 00 | G22: 41110 | I22: =I23 -> 425.4 | J22: =J23 -> 380 | K22: =K23 -> 314.6
A23: Расходы на выплаты персоналу в целях обеспечения выполнения функций государственными (муниципальными) органами, казенными учреждениями, органами управления государственными внебюджетными фондами | B23: 01 | C23: 04 | D23: 65 | E23: 2 | F23: 00 | G23: 41110 | H23: 100 | I23: =I24 -> 425.4 | J23: =J24 -> 380 | K23: =K24 -> 314.6
A24: Расходы на выплаты персоналу государственных (муниципальных) органов | B24: 01 | C24: 04 | D24: 65 | E24: 2 | F24: 00 | G24: 41110 | H24: 120 | I24: ='Приложение 2'!J24 -> 425.4 | J24: ='Приложение 2'!K24 -> 380 | K24: ='Приложение 2'!L24 -> 314.6
A25: Расходы на обеспечение функций органов местного самоуправления | B25: 01 | C25: 04 | D25: 65 | E25: 2 | F25: 00 | G25: 41120 | I25: =+I26+I28 -> 485.9 | J25: =+J26+J28 -> 131 | K25: =+K26+K28 -> 169.4
A26: Закупка товаров, работ и услуг для обеспечения государственных (муниципальных) нужд | B26: 01 | C26: 04 | D26: 65 | E26: 2 | F26: 00 | G26: 41120 | H26: 200 | I26: =I27 -> 476.9 | J26: =J27 -> 122 | K26: =K27 -> 160.4
A27: Иные закупки товаров, работ и услуг для обеспечения государственных (муниципальных) нужд | B27: 01 | C27: 04 | D27: 65 | E27: 2 | F27: 00 | G27: 41120 | H27: 240 | I27: ='Приложение 2'!J27 -> 476.9 | J27: ='Приложение 2'!K27 -> 122 | K27: ='Приложение 2'!L27 -> 160.4
A28: Иные бюджетные ассигнования | B28: 01 | C28: 04 | D28: 65 | E28: 2 | F28: 00 | G28: 41120 | H28: 800 | I28: =I29 -> 9 | J28: =J29 -> 9 | K28: =K29 -> 9
A29: Уплата налогов, сборов и иных платежей | B29: 01 | C29: 04 | D29: 65 | E29: 2 | F29: 00 | G29: 41120 | H29: 850 | I29: ='Приложение 2'!J29 -> 9 | J29: ='Приложение 2'!K29 -> 9 | K29: ='Приложение 2'!L29 -> 9
A30: ='Приложение 2'!A30 -> Субсидии на софинансирование расходных обязательств по финансовому обеспечению деятельности органов местного самоуправления и муниципальных учреждений | B30: 01 | C30: 04 | D30: 65 | E30: 2 | F30: 00 | G30: 44205 | I30: =I31 -> 80
A31: ='Приложение 2'!A31 -> Расходы на выплаты персоналу в целях обеспечения выполнения функций государственными (муниципальными) органами, казенными учреждениями, органами управления государственными внебюджетными фондами | B31: 01 | C31: 04 | D31: 65 | E31: 2 | F31: 00 | G31: 44205 | H31: 100 | I31: =I32 -> 80
A32: ='Приложение 2'!A32 -> Расходы на выплаты персоналу государственных (муниципальных) органов | B32: 01 | C32: 04 | D32: 65 | E32: 2 | F32: 00 | G32: 44205 | H32: 120 | I32: ='Приложение 2'!J32 -> 80
A33: ='Приложение 2'!A33 -> Непрограммные расходы главных распорядителей средств бюджета Алтарского сельского поселения Ромодановского муниципального района Республики Мордовия | B33: 01 | C33: 04 | D33: 89 | I33: =I34 -> 0.6 | J33: =J34 -> 0.6 | K33: =K34 -> 0.6
A34: ='Приложение 2'!A34 -> Непрограммные расходы в рамках обеспечения деятельности главных распорядителей средств бюджета Алтарского сельского поселения Ромодановского муниципального района Республики Мордовия | B34: 01 | C34: 04 | D34: 89 | E34: 1 | I34: =I35 -> 0.6 | J34: =J35 -> 0.6 | K34: =K35 -> 0.6
A35: Осуществление государственных полномочий Республики Мордовия по определению перечня должностных лиц, уполномоченных составлять протоколы об административных правонарушениях, предусмотренных Законом Республики Мордовия от 15 июня 2015 года № 38-З "Об административной ответственности на территории Республики Мордовия" | B35: 01 | C35: 04 | D35: 89 | E35: 1 | F35: 00 | G35: 77150 | I35: =I36 -> 0.6 | J35: =J36 -> 0.6 | K35: =K36 -> 0.6
A36: Закупка товаров, работ и услуг для обеспечения государственных (муниципальных) нужд | B36: 01 | C36: 04 | D36: 89 | E36: 1 | F36: 00 | G36: 77150 | H36: 200 | I36: =I37 -> 0.6 | J36: =J37 -> 0.6 | K36: =K37 -> 0.6
A37: Иные закупки товаров, работ и услуг для обеспечения государственных (муниципальных) нужд | B37: 01 | C37: 04 | D37: 89 | E37: 1 | F37: 00 | G37: 77150 | H37: 240 | I37: ='Приложение 2'!J37 -> 0.6 | J37: ='Приложение 2'!K37 -> 0.6 | K37: ='Приложение 2'!L37 -> 0.6
A38: Резервные фонды | B38: 01 | C38: 11 | I38: =I39 -> 5 | J38: =J39 -> 5 | K38: =K39 -> 5
A39: ='Приложение 2'!A39 -> Непрограммные расходы главных распорядителей средств бюджета Алтарского сельского поселения Ромодановского муниципального района Республики Мордовия | B39: 01 | C39: 11 | D39: 89 | I39: =I40 -> 5 | J39: =J40 -> 5 | K39: =K40 -> 5
A40: ='Приложение 2'!A40 -> Непрограммные расходы в рамках обеспечения деятельности главных распорядителей средств бюджета Алтарского сельского поселения Ромодановского муниципального района Республики Мордовия | B40: 01 | C40: 11 | D40: 89 | E40: 1 | I40: =I41 -> 5 | J40: =J41 -> 5 | K40: =K41 -> 5
A41: ='Приложение 2'!A41 -> Резервный фонд администрации Алтарского сельского поселения Ромодановского муниципального района Республики Мордовия | B41: 01 | C41: 11 | D41: 89 | E41: 1 | F41: 00 | G41: 41180 | I41: =I43 -> 5 | J41: =J43 -> 5 | K41: =K43 -> 5
A42: Иные бюджетные ассигнования | B42: 01 | C42: 11 | D42: 89 | E42: 1 | F42: 00 | G42: 41180 | H42: 800 | I42: =I43 -> 5 | J42: =J43 -> 5 | K42: =K43 -> 5
A43: Резервные средства | B43: 01 | C43: 11 | D43: 89 | E43: 1 | F43: 00 | G43: 41180 | H43: 870 | I43: ='Приложение 2'!J43 -> 5 | J43: ='Приложение 2'!K43 -> 5 | K43: ='Приложение 2'!L43 -> 5
A44: Национальная оборона | B44: 02 | I44: =I45 -> 109.3 | J44: =J45 -> 114.4 | K44: =K45 -> 118.7
A45: Мобилизационная и вневойсковая подготовка | B45: 02 | C45: 03 | I45: =I46 -> 109.3 | J45: =J46 -> 114.4 | K45: =K46 -> 118.7
A46: ='Приложение 2'!A46 -> Государственная программа повышения эффективности управления государственными финансами в Республики Мордовия | B46: 02 | C46: 03 | D46: 17 | I46: =I47 -> 109.3 | J46: =J47 -> 114.4 | K46: =K47 -> 118.7
A47: Подпрограмма "Повышения эффективности межбюджетных отношений" | B47: 02 | C47: 03 | D47: 17 | E47: 3 | I47: =I48 -> 109.3 | J47: =J48 -> 114.4 | K47: =K48 -> 118.7
A48: Основное мероприятие "Обеспечение осуществления органами местного самоуправления отдельных государственных полномочий" | B48: 02 | C48: 03 | D48: 17 | E48: 3 | F48: 02 | I48: =I49 -> 109.3 | J48: =J49 -> 114.4 | K48: =K49 -> 118.7
A49: ='Приложение 2'!A49 -> Осуществление государственных пономочий Российской Федерации по первичному воинскому учету на территориях, где отсутствуют военные комиссариаты | B49: 02 | C49: 03 | D49: 17 | E49: 3 | F49: 02 | G49: 51180 | I49: =I52+I50 -> 109.3 | J49: =J52+J50 -> 114.4 | K49: =K52+K50 -> 118.7
A50: Расходы на выплаты персоналу в целях обеспечения выполнения функций государственными (муниципальными) органами, казенными учреждениями, органами управления государственными внебюджетными фондами | B50: 02 | C50: 03 | D50: 17 | E50: 3 | F50: 02 | G50: 51180 | H50: 100 | I50: =I51 -> 106.3 | J50: =J51 -> 111.4 | K50: =K51 -> 115.7
A51: Расходы на выплаты персоналу государственных (муниципальных) органов | B51: 02 | C51: 03 | D51: 17 | E51: 3 | F51: 02 | G51: 51180 | H51: 120 | I51: ='Приложение 2'!J51 -> 106.3 | J51: ='Приложение 2'!K51 -> 111.4 | K51: ='Приложение 2'!L51 -> 115.7
A52: Закупка товаров, работ и услуг для обеспечения государственных (муниципальных) нужд | B52: 02 | C52: 03 | D52: 17 | E52: 3 | F52: 02 | G52: 51180 | H52: 200 | I52: =I53 -> 3 | J52: =J53 -> 3 | K52: =K53 -> 3
A53: Иные закупки товаров, работ и услуг для обеспечения государственных (муниципальных) нужд | B53: 02 | C53: 03 | D53: 17 | E53: 3 | F53: 02 | G53: 51180 | H53: 240 | I53: ='Приложение 2'!J53 -> 3 | J53: ='Приложение 2'!K53 -> 3 | K53: ='Приложение 2'!L53 -> 3
A54: Национальная экономика | B54: 04 | I54: =I55 -> 119.4 | J54: =J55 -> 119.4 | K54: =K55 -> 119.4
A55: Дорожное хозяйство (дорожные фонды) | B55: 04 | C55: 09 | I55: =I56 -> 119.4 | J55: =J56 -> 119.4 | K55: =K56 -> 119.4
A56: ='Приложение 2'!A56 -> Муниципальная программа «Комплексного развития транспортной инфраструктуры Алтарского сельского поселения Ромодановского муниципального района Республики Мордовия на 2017- 2025года" | B56: 04 | C56: 09 | D56: 13 | I56: =I57 -> 119.4 | J56: =J57 -> 119.4 | K56: =K57 -> 119.4
A57: Основное мероприятие "Ремонт и содержание дорог в границах поселения, поддержание дорожного полотна в работоспособном состоянии" | B57: 04 | C57: 09 | D57: 13 | E57: 0 | F57: 01 | I57: =I58 -> 119.4 | J57: =J58 -> 119.4 | K57: =K58 -> 119.4
A58: ='Приложение 2'!A58 -> Иные межбюджетные трансферты на осуществление полномочий по дорожной деятельности в отношении автомобильных дорог местного значения в границах населенных пунктов поселения и обеспечению безопасности дорожного движения на них, включая создание и обеспечение функционирования парковок (парковочных мест), осуществлению муниципального контроля за сохранностью автомобильных дорог местного значения в границах населенных пунктов поселения, организации дорожного движения, а также осуществлению иных полномочий в области использования автомобильных дорог и осуществления дорожной деятельности в соответствии с законодательством Российской Федерации | B58: 04 | C58: 09 | D58: 13 | E58: 0 | F58: 01 | G58: 44102 | I58: =I59 -> 119.4 | J58: =J59 -> 119.4 | K58: =K59 -> 119.4
A59: Закупка товаров, работ и услуг для обеспечения государственных (муниципальных) нужд | B59: 04 | C59: 09 | D59: 13 | E59: 0 | F59: 01 | G59: 44102 | H59: 200 | I59: =I60 -> 119.4 | J59: =J60 -> 119.4 | K59: =K60 -> 119.4
A60: Иные закупки товаров, работ и услуг для обеспечения государственных (муниципальных) нужд | B60: 04 | C60: 09 | D60: 13 | E60: 0 | F60: 01 | G60: 44102 | H60: 240 | I60: ='Приложение 2'!J60 -> 119.4 | J60: ='Приложение 2'!K60 -> 119.4 | K60: ='Приложение 2'!L60 -> 119.4
A61: Жилищно-коммунальное хозяйство | B61: 05 | I61: =I62+I69 -> 239.8 | J61: =J62+J69 -> 69 | K61: =K62+K69 -> 69
A62: Благоустройство | B62: 05 | C62: 03 | I62: =I63 -> 114.8 | J62: =J63 -> 0 | K62: =K63 -> 0
A63: ='Приложение 2'!A63 -> Муниципальная программа «Комплексного развития социальной инфраструктуры Алтарского сельского поселения Ромодановского муниципального района Республики Мордовия на 2018-2028 годы" | B63: 05 | C63: 03 | D63: 10 | I63: =I64 -> 114.8 | J63: =J64 -> 0 | K63: =K64 -> 0
A64: ='Приложение 2'!A64 -> Основное мероприятие "Благоустройство территории " | B64: 05 | C64: 03 | D64: 10 | E64: 0 | F64: 07 | I64: =I65 -> 114.8 | J64: =J65 -> 0 | K64: =K65 -> 0
A65: ='Приложение 2'!A65 -> Прочие мероприятия по благоустройству | B65: 05 | C65: 03 | D65: 10 | E65: 0 | F65: 07 | G65: 43040 | I65: =I66 -> 114.8 | J65: =J66 -> 0 | K65: =K66 -> 0
A66: Закупка товаров, работ и услуг для обеспечения государственных (муниципальных) нужд | B66: 05 | C66: 03 | D66: 10 | E66: 0 | F66: 07 | G66: 43040 | H66: 200 | I66: =I67 -> 114.8 | J66: =J67 -> 0 | K66: =K67 -> 0
A67: Иные закупки товаров, работ и услуг для обеспечения государственных (муниципальных) нужд | B67: 05 | C67: 03 | D67: 10 | E67: 0 | F67: 07 | G67: 43040 | H67: 240 | I67: ='Приложение 2'!J67 -> 114.8 | J67: ='Приложение 2'!K67 -> 0 | K67: ='Приложение 2'!L67 -> 0
A68: ='Приложение 2'!A68 -> Основсное мероприятие "Освещение территории сельского поселения" | B68: 05 | C68: 03 | D68: 10 | E68: 0 | F68: 08
A69: ='Приложение 2'!A69 -> уличное освещения | B69: 05 | C69: 03 | D69: 10 | E69: 0 | F69: 08 | G69: 43010 | I69: =I70 -> 125 | J69: =J70 -> 69 | K69: =K70 -> 69
A70: ='Приложение 2'!A70 -> Закупка товаров, работ и услуг для обеспечения государственных (муниципальных) нужд | B70: 05 | C70: 03 | D70: 10 | E70: 0 | F70: 08 | G70: 43010 | H70: 200 | I70: =I71 -> 125 | J70: =J71 -> 69 | K70: =K71 -> 69
A71: ='Приложение 2'!A71 -> Иные закупки товаров, работ и услуг для обеспечения государственных (муниципальных) нужд | B71: 05 | C71: 03 | D71: 10 | E71: 0 | F71: 08 | G71: 43010 | H71: 240 | I71: ='Приложение 2'!J71 -> 125 | J71: ='Приложение 2'!K71 -> 69 | K71: ='Приложение 2'!L70 -> 69
A72: Социальная политика | B72: 10 | I72: =I73 -> 41.5 | J72: =J73 -> 41.5 | K72: =K73 -> 41.5
A73: Пенсионное обеспечение | B73: 10 | C73: 01 | I73: =I74 -> 41.5 | J73: =J74 -> 41.5 | K73: =K74 -> 41.5
A74: ='Приложение 2'!A74 -> Непрограммные расходы главных распорядителей средств бюджета Алтарского сельского поселения Ромодановского муниципального района Республики Мордовия | B74: 10 | C74: 01 | D74: 89 | I74: =I75 -> 41.5 | J74: =J75 -> 41.5 | K74: =K75 -> 41.5
A75: ='Приложение 2'!A75 -> Непрограммные расходы в рамках обеспечения деятельности главных распорядителей средств бюджета Алтарского сельского поселения Ромодановского муниципального района Республики Мордовия | B75: 10 | C75: 01 | D75: 89 | E75: 1 | I75: =I76 -> 41.5 | J75: =J76 -> 41.5 | K75: =K76 -> 41.5
A76: Доплаты к пенсиям муниципальных служащих Республики Мордовия | B76: 10 | C76: 01 | D76: 89 | E76: 1 | F76: 00 | G76: 03010 | I76: =I77 -> 41.5 | J76: =J77 -> 41.5 | K76: =K77 -> 41.5
A77: Социальное обеспечение и иные выплаты населению | B77: 10 | C77: 01 | D77: 89 | E77: 1 | F77: 00 | G77: 03010 | H77: 300 | I77: =I78 -> 41.5 | J77: =J78 -> 41.5 | K77: =K78 -> 41.5
A78: Публичные нормативные социальные выплаты гражданам | B78: 10 | C78: 01 | D78: 89 | E78: 1 | F78: 00 | G78: 03010 | H78: 310 | I78: ='Приложение 2'!J78 -> 41.5 | J78: ='Приложение 2'!K78 -> 41.5 | K78: ='Приложение 2'!L78 -> 41.5
B79: 13 | I79: =I80 -> 1.6 | J79: =J80 -> 1.6 | K79: =K80 -> 1.6
B80: 13 | C80: 01 | I80: =I81 -> 1.6 | J80: =J81 -> 1.6 | K80: =K81 -> 1.6
B81: 13 | C81: 01 | D81: 89 | I81: =I82 -> 1.6 | J81: =J82 -> 1.6 | K81: =K82 -> 1.6
B82: 13 | C82: 01 | D82: 89 | E82: 1 | I82: =I83 -> 1.6 | J82: =J83 -> 1.6 | K82: =K83 -> 1.6
B83: 13 | C83: 01 | D83: 89 | E83: 1 | F83: 00 | G83: 41240 | I83: =I84 -> 1.6 | J83: =J84 -> 1.6 | K83: =K84 -> 1.6
B84: 13 | C84: 01 | D84: 89 | E84: 1 | F84: 00 | G84: 41240 | H84: 700 | I84: =I85 -> 1.6 | J84: =J85 -> 1.6 | K84: =K85 -> 1.6
B85: 13 | C85: 01 | D85: 89 | E85: 1 | F85: 00 | G85: 41240 | H85: 730 | I85: ='Приложение 2'!J85 -> 1.6 | J85: ='Приложение 2'!K85 -> 1.6 | K85: ='Приложение 2'!L85 -> 1.6
A86: ='Приложение 2'!A86 -> Условно утвержденные расходы | B86: 99 | J86: ='Приложение 2'!K86 -> 28.6 | K86: ='Приложение 2'!L86 -> 57.5
A87: ='Приложение 2'!A87 -> Условно утвержденные расходы | B87: 99 | C87: 99 | J87: ='Приложение 2'!K87 -> 28.6 | K87: ='Приложение 2'!L87 -> 57.5
A88: ='Приложение 2'!A11 -> Обеспечение деятельности Администрации Алтарского сельского поселения Ромодановского муниципального района Республики Мордовия | B88: 99 | C88: 99 | D88: 65 | J88: ='Приложение 2'!K88 -> 28.6 | K88: ='Приложение 2'!L88 -> 57.5
A89: ='Приложение 2'!A89 -> Высшее должностное лицо | B89: 99 | C89: 99 | D89: 65 | E89: 1 | J89: ='Приложение 2'!K90 -> 28.6 | K89: ='Приложение 2'!L89 -> 57.5
A90: ='Приложение 2'!A90 -> Условно утвержденные расходы | B90: 99 | C90: 99 | D90: 65 | E90: 1 | F90: 00 | G90: 41990 | J90: ='Приложение 2'!K90 -> 28.6 | K90: ='Приложение 2'!L90 -> 57.5
A91: ='Приложение 2'!A91 -> Иные бюджетные ассигнования | B91: 99 | C91: 99 | D91: 65 | E91: 1 | F91: 00 | G91: 41990 | H91: 800 | J91: ='Приложение 2'!K91 -> 28.6 | K91: ='Приложение 2'!L91 -> 57.5
A92: ='Приложение 2'!A92 -> Резервные средства | B92: 99 | C92: 99 | D92: 65 | E92: 1 | F92: 00 | G92: 41990 | H92: 870 | J92: ='Приложение 2'!K92 -> 28.6 | K92: ='Приложение 2'!L92 -> 57.5

Sheet Приложение4
I1: Приложение 4 к решению Совета депутатов Алтарского сельского поселения Ромодановского муниципального района Республики Мордовия «О внесении изменений в решение Совета депутатов Алтарского сельского поселения Ромодановского муниципального района Республики Мордовия от 29 декабря 2022 г № 24 «О бюджете Алтарского сельского поселения Ромодановского муниципального района Республики Мордовия на 2023 год и на плановый период 2024 и 2025 годов»
I2: Приложение 5 к проекту решения Совета депутатов Алтарского сельского поселения Ромодановского муниципального района Республики Мордовия «О бюджете Алтарского сельского поселения Ромодановского муниципального района Республики Мордовия на 2023 год и на плановый период 2024и 2025 годов»
A3: РАСПРЕДЕЛЕНИЕ БЮДЖЕТНЫХ АССИГНОВАНИЙ БЮДЖЕТА АЛТАРСКОГО СЕЛЬСКОГО ПОСЕЛЕНИЯ РОМОДАНОВСКОГО МУНИЦИПАЛЬНОГО РАЙОНА РЕСПУБЛИКИ МОРДОВИЯ ПО ЦЕЛЕВЫМ СТАТЬЯМ (МУНИЦИПАЛЬНЫМ ПРОГРАММАМ И НЕПРОГРАММНЫМ НАПРАВЛЕНИЯМ ДЕЯТЕЛЬНОСТИ), ГРУППАМ И ПОДГРУППАМ ВИДОВ РАСХОДОВ, РАЗДЕЛАМ И ПОДРАЗДЕЛАМ КЛАССИФИКАЦИИ РАСХОДОВ БЮДЖЕТОВ НА 2023 ГОД И НА ПЛАНОВЫЙ ПЕРИОД 2024 И 2025 ГОДОВ
I4: (тыс. рублей)
A5: Наименование | B5: Цср | F5: ВР | G5: Рз | H5: Прз | I5: Адм | J5: Сумма
J6: 2023 год | K6: 2024 год | L6: 2025 год
A7: 1 | B7: 2 | C7: 3 | D7: 4 | E7: 5 | F7: 6 | G7: 7 | H7: 8 | I7: 9 | J7: 10 | K7: 11 | L7: 12
A8: ВСЕГО | J8: =J9+J24+J32+J46+J90 -> 2004.7 | K8: =K9+K24+K32+K46+K90 -> 1208.1 | L8: =L9+L24+L32+L46+L90 -> 1258.1
A9: ='Приложение 2'!A63 -> Муниципальная программа «Комплексного развития социальной инфраструктуры Алтарского сельского поселения Ромодановского муниципального района Республики Мордовия на 2018-2028 годы" | B9: 10 | J9: =J10+J18 -> 239.8 | K9: =K10+K18 -> 69 | L9: =L10+L18 -> 69
A10: ='Приложение 2'!A64 -> Основное мероприятие "Благоустройство территории " | B10: 10 | C10: 0 | D10: 07 | J10: =J11 -> 114.8 | K10: =K11 -> 0 | L10: =L11 -> 0
A11: ='Приложение 2'!A65 -> Прочие мероприятия по благоустройству | B11: 10 | C11: 0 | D11: 07 | E11: 43040 | J11: =J12 -> 114.8 | K11: =K12 -> 0 | L11: =L12 -> 0
A12: Закупка товаров, работ и услуг для обеспечения государственных (муниципальных) нужд | B12: 10 | C12: 0 | D12: 07 | E12: 43040 | F12: 200 | J12: =J13 -> 114.8 | K12: =K13 -> 0 | L12: =L13 -> 0
A13: Иные закупки товаров, работ и услуг для обеспечения государственных (муниципальных) нужд | B13: 10 | C13: 0 | D13: 07 | E13: 43040 | F13: 240 | J13: =J14 -> 114.8 | K13: =K14 -> 0 | L13: =L14 -> 0
A14: Жилищно-коммунальное хозяйство | B14: 10 | C14: 0 | D14: 07 | E14: 43040 | F14: 240 | G14: 05 | J14: =J15 -> 114.8 | K14: =K15 -> 0 | L14: =L15 -> 0
A15: Благоустройство | B15: 10 | C15: 0 | D15: 07 | E15: 43040 | F15: 240 | G15: 05 | H15: 03 | J15: =J16 -> 114.8 | K15: =K16 -> 0 | L15: =L16 -> 0
A16: Администрация Алтарского сельского поселения Ромодановского муниципального района Республики Мордовия | B16: 10 | C16: 0 | D16: 07 | E16: 43040 | F16: 240 | G16: 05 | H16: 03 | I16: 909 | J16: ='Приложение 2'!J67 -> 114.8 | K16: ='Приложение 2'!K67 -> 0 | L16: ='Приложение 2'!L67 -> 0
A17: ='Приложение 2'!A68 -> Основсное мероприятие "Освещение территории сельского поселения" | B17: 10 | C17: 0 | D17: 08 | J17: =J18 -> 125 | K17: =K18 -> 69 | L17: =L18 -> 69
A18: ='Приложение 2'!A69 -> уличное освещения | B18: 10 | C18: 0 | D18: 08 | E18: 43010 | J18: =J19 -> 125 | K18: =K19 -> 69 | L18: =L19 -> 69
A19: =A12 -> Закупка товаров, работ и услуг для обеспечения государственных (муниципальных) нужд | B19: 10 | C19: 0 | D19: 08 | E19: 43010 | F19: 200 | J19: =J20 -> 125 | K19: =K20 -> 69 | L19: =L20 -> 69
A20: =A13 -> Иные закупки товаров, работ и услуг для обеспечения государственных (муниципальных) нужд | B20: 10 | C20: 0 | D20: 08 | E20: 43010 | F20: 240 | J20: =J21 -> 125 | K20: =K21 -> 69 | L20: =L21 -> 69
A21: =A14 -> Жилищно-коммунальное хозяйство | B21: 10 | C21: 0 | D21: 08 | E21: 43010 | F21: 240 | G21: 05 | J21: =J22 -> 125 | K21: =K22 -> 69 | L21: =L22 -> 69
A22: =A15 -> Благоустройство | B22: 10 | C22: 0 | D22: 08 | E22: 43010 | F22: 240 | G22: 05 | H22: 03 | J22: =J23 -> 125 | K22: =K23 -> 69 | L22: =L23 -> 69
A23: =A16 -> Администрация Алтарского сельского поселения Ромодановского муниципального района Республики Мордовия | B23: 10 | C23: 0 | D23: 08 | E23: 43010 | F23: 240 | G23: 05 | H23: 03 | I23: 909 | J23: ='Приложение 2'!J71 -> 125 | K23: ='Приложение 2'!K71 -> 69 | L23: ='Приложение 2'!L71 -> 69
A24: ='Приложение 2'!A56 -> Муниципальная программа «Комплексного развития транспортной инфраструктуры Алтарского сельского поселения Ромодановского муниципального района Республики Мордовия на 2017- 2025года" | B24: 13 | J24: =J25 -> 119.4 | K24: =K25 -> 119.4 | L24: =L25 -> 119.4
A25: Основное мероприятие " Ремонт и содержание дорог в границах поселения,поддержание дорожного полотна в работоспособном состоянии" | B25: 13 | C25: 0 | D25: 01 | J25: =J26 -> 119.4 | K25: =K26 -> 119.4 | L25: =L26 -> 119.4
A26: ='Приложение 2'!A58 -> Иные межбюджетные трансферты на осуществление полномочий по дорожной деятельности в отношении автомобильных дорог местного значения в границах населенных пунктов поселения и обеспечению безопасности дорожного движения на них, включая создание и обеспечение функционирования парковок (парковочных мест), осуществлению муниципального контроля за сохранностью автомобильных дорог местного значения в границах населенных пунктов поселения, организации дорожного движения, а также осуществлению иных полномочий в области использования автомобильных дорог и осуществления дорожной деятельности в соответствии с законодательством Российской Федерации | B26: 13 | C26: 0 | D26: 01 | E26: 44102 | J26: =J27 -> 119.4 | K26: =K27 -> 119.4 | L26: =L27 -> 119.4
A27: Закупка товаров, работ и услуг для обеспечения государственных (муниципальных) нужд | B27: 13 | C27: 0 | D27: 01 | E27: 44102 | F27: 200 | J27: =J28 -> 119.4 | K27: =K28 -> 119.4 | L27: =L28 -> 119.4
A28: Иные закупки товаров, работ и услуг для обеспечения государственных (муниципальных) нужд | B28: 13 | C28: 0 | D28: 01 | E28: 44102 | F28: 240 | J28: =J29 -> 119.4 | K28: =K29 -> 119.4 | L28: =L29 -> 119.4
A29: Национальная экономика | B29: 13 | C29: 0 | D29: 01 | E29: 44102 | F29: 240 | G29: 04 | J29: =J30 -> 119.4 | K29: =K30 -> 119.4 | L29: =L30 -> 119.4
A30: ='Приложение 2'!A55 -> Дорожное хозяйство (дорожные фонды) | B30: 13 | C30: 0 | D30: 01 | E30: 44102 | F30: 240 | G30: 04 | H30: 09 | J30: =J31 -> 119.4 | K30: =K31 -> 119.4 | L30: =L31 -> 119.4
A31: Администрация Алтарского сельского поселения Ромодановского муниципального района Республики Мордовия | B31: 13 | C31: 0 | D31: 01 | E31: 44102 | F31: 240 | G31: 04 | H31: 09 | I31: 909 | J31: ='Приложение 2'!J60 -> 119.4 | K31: ='Приложение 2'!K60 -> 119.4 | L31: ='Приложение 2'!L60 -> 119.4
A32: ='Приложение 2'!A46 -> Государственная программа повышения эффективности управления государственными финансами в Республики Мордовия | B32: 17 | J32: =J33 -> 109.3 | K32: =K33 -> 114.4 | L32: =L33 -> 118.7
A33: Подпрограмма "Повышения эффективности межбюджетных отношений" | B33: 17 | C33: 3 | J33: =J34 -> 109.3 | K33: =K34 -> 114.4 | L33: =L34 -> 118.7
A34: Основное мероприятие "Обеспечение осуществления органами местного самоуправления отдельных государственных полномочий" | B34: 17 | C34: 3 | D34: 02 | J34: =J35 -> 109.3 | K34: =K35 -> 114.4 | L34: =L35 -> 118.7
A35: ='Приложение 2'!A49 -> Осуществление государственных пономочий Российской Федерации по первичному воинскому учету на территориях, где отсутствуют военные комиссариаты | B35: 17 | C35: 3 | D35: 02 | E35: 51180 | J35: =J41+J36 -> 109.3 | K35: =K41+K36 -> 114.4 | L35: =L41+L36 -> 118.7
A36: Расходы на выплаты персоналу в целях обеспечения выполнения функций государственными (муниципальными) органами, казенными учреждениями, органами управления государственными внебюджетными фондами | B36: 17 | C36: 3 | D36: 02 | E36: 51180 | F36: 100 | J36: =J37 -> 106.3 | K36: =K37 -> 111.4 | L36: =L37 -> 115.7
A37: Расходы на выплаты персоналу государственных (муниципальных) органов | B37: 17 | C37: 3 | D37: 02 | E37: 51180 | F37: 120 | J37: =J38 -> 106.3 | K37: =K38 -> 111.4 | L37: =L38 -> 115.7
A38: Национальная оборона | B38: 17 | C38: 3 | D38: 02 | E38: 51180 | F38: 120 | G38: 02 | J38: =J39 -> 106.3 | K38: =K39 -> 111.4 | L38: =L39 -> 115.7
A39: Мобилизационная и вневойсковая подготовка | B39: 17 | C39: 3 | D39: 02 | E39: 51180 | F39: 120 | G39: 02 | H39: 03 | J39: =J40 -> 106.3 | K39: =K40 -> 111.4 | L39: =L40 -> 115.7
A40: Администрация Алтарского сельского поселения Ромодановского муниципального района Республики Мордовия | B40: 17 | C40: 3 | D40: 02 | E40: 51180 | F40: 120 | G40: 02 | H40: 03 | I40: 909 | J40: ='Приложение 2'!J51 -> 106.3 | K40: ='Приложение 2'!K51 -> 111.4 | L40: ='Приложение 2'!L51 -> 115.7
A41: Закупка товаров, работ и услуг для обеспечения государственных (муниципальных) нужд | B41: 17 | C41: 3 | D41: 02 | E41: 51180 | F41: 200 | J41: =J42 -> 3 | K41: =K42 -> 3 | L41: =L42 -> 3
A42: Иные закупки товаров, работ и услуг для обеспечения государственных (муниципальных) нужд | B42: 17 | C42: 3 | D42: 02 | E42: 51180 | F42: 240 | J42: =J43 -> 3 | K42: =K43 -> 3 | L42: =L43 -> 3
A43: Национальная оборона | B43: 17 | C43: 3 | D43: 02 | E43: 51180 | F43: 240 | G43: 02 | J43: =J44 -> 3 | K43: =K44 -> 3 | L43: =L44 -> 3
A44: Мобилизация и вневойсковая подготовка | B44: 17 | C44: 3 | D44: 02 | E44: 51180 | F44: 240 | G44: 02 | H44: 03 | J44: =J45 -> 3 | K44: =K45 -> 3 | L44: =L45 -> 3
A45: Администрация Алтарского сельского поселения Ромодановского муниципального района Республики Мордовия | B45: 17 | C45: 3 | D45: 02 | E45: 51180 | F45: 240 | G45: 02 | H45: 03 | I45: 909 | J45: ='Приложение 2'!J53 -> 3 | K45: ='Приложение 2'!K53 -> 3 | L45: ='Приложение 2'!L53 -> 3
A46: ='Приложение 2'!A11 -> Обеспечение деятельности Администрации Алтарского сельского поселения Ромодановского муниципального района Республики Мордовия | B46: 65 | J46: =J47+J66+J60 -> 1487.5 | K46: =K47+K66 -> 856.6 | L46: =L47+L66 -> 902.3
A47: Высшее должностное лицо | B47: 65 | C47: 1 | J47: =J48 -> 396.2 | K47: =K48+K54 -> 345.6 | L47: =L48+L54 -> 418.3
A48: Расходы на выплаты по оплате труда высшего должностного лица | B48: 65 | C48: 1 | D48: 00 | E48: 41150 | J48: =J49 -> 396.2 | K48: =K49 -> 317 | L48: =L49 -> 360.8
A49: Расходы на выплаты персоналу в целях обеспечения выполнения функций государственными (муниципальными) органами, казенными учреждениями, органами управления государственными внебюджетными фондами | B49: 65 | C49: 1 | D49: 00 | E49: 41150 | F49: 100 | J49: =J50 -> 396.2 | K49: =K50 -> 317 | L49: =L50 -> 360.8
A50: Расходы на выплаты персоналу государственных (муниципальных) органов | B50: 65 | C50: 1 | D50: 00 | E50: 41150 | F50: 120 | J50: =J51 -> 396.2 | K50: =K51 -> 317 | L50: =L51 -> 360.8
A51: Общегосударственные вопросы | B51: 65 | C51: 1 | D51: 00 | E51: 41150 | F51: 120 | G51: 01 | J51: =J52 -> 396.2 | K51: =K52 -> 317 | L51: =L52 -> 360.8
A52: Функционирование высшего должностного лица субъекта Российской Федерации и муниципального образования | B52: 65 | C52: 1 | D52: 00 | E52: 41150 | F52: 120 | G52: 01 | H52: 02 | J52: =J53 -> 396.2 | K52: =K53 -> 317 | L52: =L53 -> 360.8
A53: Администрация Алтарского сельского поселения Ромодановского муниципального района Республики Мордовия | B53: 65 | C53: 1 | D53: 00 | E53: 41150 | F53: 120 | G53: 01 | H53: 02 | I53: 909 | J53: ='Приложение 2'!J15 -> 396.2 | K53: ='Приложение 2'!K15 -> 317 | L53: ='Приложение 2'!L15 -> 360.8
A54: ='Приложение 3'!A90 -> Условно утвержденные расходы | B54: 65 | C54: 1 | D54: 00 | E54: 41990 | K54: =K55 -> 28.6 | L54: =L55 -> 57.5
A55: ='Приложение 3'!A91 -> Иные бюджетные ассигнования | B55: 65 | C55: 1 | D55: 00 | E55: 41990 | F55: 800 | K55: =K56 -> 28.6 | L55: =L56 -> 57.5
A56: ='Приложение 3'!A92 -> Резервные средства | B56: 65 | C56: 1 | D56: 00 | E56: 41990 | F56: 870 | K56: =K57 -> 28.6 | L56: =L57 -> 57.5
A57: ='Приложение 3'!A87 -> Условно утвержденные расходы | B57: 65 | C57: 1 | D57: 00 | E57: 41990 | F57: 870 | G57: 99 | K57: =K58 -> 28.6 | L57: =L58 -> 57.5
A58: ='Приложение 3'!A87 -> Условно утвержденные расходы | B58: 65 | C58: 1 | D58: 00 | E58: 41990 | F58: 870 | G58: 99 | H58: 99 | K58: =K59 -> 28.6 | L58: =L59 -> 57.5
A59: Администрация Алтарского сельского поселения Ромодановского муниципального района Республики Мордовия | B59: 65 | C59: 1 | D59: 00 | E59: 41990 | F59: 870 | G59: 99 | H59: 99 | I59: 909 | K59: ='Приложение 3'!J92 -> 28.6 | L59: ='Приложение 3'!K92 -> 57.5
A60: ='Приложение 2'!A16 -> Субсидии на софинансирование расходных обязательств по финансовому обеспечению деятельности органов местного самоуправления и муниципальных учреждений | B60: 65 | C60: 1 | D60: 00 | E60: 44205 | J60: =J61 -> 100
A61: ='Приложение 2'!A17 -> Расходы на выплаты персоналу в целях обеспечения выполнения функций государственными (муниципальными) органами, казенными учреждениями, органами управления государственными внебюджетными фондами | B61: 65 | C61: 1 | D61: 00 | E61: 44205 | F61: 100 | J61: =J62 -> 100
A62: ='Приложение 2'!A18 -> Расходы на выплаты персоналу государственных (муниципальных) органов | B62: 65 | C62: 1 | D62: 00 | E62: 44205 | F62: 120 | J62: =J63 -> 100
A63: =A51 -> Общегосударственные вопросы | B63: 65 | C63: 1 | D63: 00 | E63: 44205 | F63: 120 | G63: 01 | J63: =J64 -> 100
A64: =A52 -> Функционирование высшего должностного лица субъекта Российской Федерации и муниципального образования | B64: 65 | C64: 1 | D64: 00 | E64: 44205 | F64: 120 | G64: 01 | H64: 02 | J64: =J65 -> 100
A65: =A59 -> Администрация Алтарского сельского поселения Ромодановского муниципального района Республики Мордовия | B65: 65 | C65: 1 | D65: 00 | E65: 44205 | F65: 120 | G65: 01 | H65: 02 | I65: 909 | J65: ='Приложение 2'!J16 -> 100
A66: ='Приложение 2'!A21 -> Расходы в рамках обеспечения деятельности Администрации Алтарского сельского поселения | B66: 65 | C66: 2 | J66: =J67+J73+J84 -> 991.3 | K66: =K67+K73 -> 511 | L66: =L67+L73 -> 484
A67: Расходы на выплаты по оплате труда работников органов местного самоуправления | B67: 65 | C67: 2 | D67: 00 | E67: 41110 | J67: =J68 -> 425.4 | K67: =K68 -> 380 | L67: =L68 -> 314.6
A68: Расходы на выплаты персоналу в целях обеспечения выполнения функций государственными (муниципальными) органами, казенными учреждениями, органами управления государственными внебюджетными фондами | B68: 65 | C68: 2 | D68: 00 | E68: 41110 | F68: 100 | J68: =J69 -> 425.4 | K68: =K69 -> 380 | L68: =L69 -> 314.6
A69: Расходы на выплаты персоналу государственных (муниципальных) органов | B69: 65 | C69: 2 | D69: 00 | E69: 41110 | F69: 120 | J69: =J70 -> 425.4 | K69: =K70 -> 380 | L69: =L70 -> 314.6
A70: Общегосударственные вопросы | B70: 65 | C70: 2 | D70: 00 | E70: 41110 | F70: 120 | G70: 01 | J70: =J71 -> 425.4 | K70: =K71 -> 380 | L70: =L71 -> 314.6
A71: Функционирование Правительства Российской Федерации, высших исполнительных органов государственной власти субъектов Российской Федерации, местных администраций | B71: 65 | C71: 2 | D71: 00 | E71: 41110 | F71: 120 | G71: 01 | H71: 04 | J71: =J72 -> 425.4 | K71: =K72 -> 380 | L71: =L72 -> 314.6
A72: Администрация Алтарского сельского поселения Ромодановского муниципального района Республики Мордовия | B72: 65 | C72: 2 | D72: 00 | E72: 41110 | F72: 120 | G72: 01 | H72: 04 | I72: 909 | J72: ='Приложение 2'!J24 -> 425.4 | K72: ='Приложение 2'!K24 -> 380 | L72: ='Приложение 2'!L24 -> 314.6
A73: ='Приложение 2'!A25 -> Расходы на обеспечение функций органов местного самоуправления | B73: 65 | C73: 2 | D73: 00 | E73: 41120 | J73: =J74+J79 -> 485.9 | K73: =K74+K79 -> 131 | L73: =L74+L79 -> 169.4
A74: Закупка товаров, работ и услуг для обеспечения государственных (муниципальных) нужд | B74: 65 | C74: 2 | D74: 00 | E74: 41120 | F74: 200 | J74: =J75 -> 476.9 | K74: =K75 -> 122 | L74: =L75 -> 160.4
A75: Иные закупки товаров, работ и услуг для обеспечения государственных (муниципальных) нужд | B75: 65 | C75: 2 | D75: 00 | E75: 41120 | F75: 240 | J75: =J76 -> 476.9 | K75: =K76 -> 122 | L75: =L76 -> 160.4
A76: Общегосударственные вопросы | B76: 65 | C76: 2 | D76: 00 | E76: 41120 | F76: 240 | G76: 01 | J76: =J77 -> 476.9 | K76: =K77 -> 122 | L76: =L77 -> 160.4
A77: Функционирование Правительства Российской Федерации, высших исполнительных органов государственной власти субъектов Российской Федерации, местных администраций | B77: 65 | C77: 2 | D77: 00 | E77: 41120 | F77: 240 | G77: 01 | H77: 04 | J77: =J78 -> 476.9 | K77: =K78 -> 122 | L77: =L78 -> 160.4
A78: Администрация Алтарского сельского поселения Ромодановского муниципального района Республики Мордовия | B78: 65 | C78: 2 | D78: 00 | E78: 41120 | F78: 240 | G78: 01 | H78: 04 | I78: 909 | J78: ='Приложение 2'!J27 -> 476.9 | K78: ='Приложение 2'!K27 -> 122 | L78: ='Приложение 2'!L27 -> 160.4
A79: Иные бюджетные ассигнования | B79: 65 | C79: 2 | D79: 00 | E79: 41120 | F79: 800 | J79: =J80 -> 9 | K79: =K80 -> 9 | L79: =L80 -> 9
A80: Уплата налогов, сборов и иных платежей | B80: 65 | C80: 2 | D80: 00 | E80: 41120 | F80: 850 | J80: =J81 -> 9 | K80: =K81 -> 9 | L80: =L81 -> 9
A81: Общегосударственные вопросы | B81: 65 | C81: 2 | D81: 00 | E81: 41120 | F81: 850 | G81: 01 | J81: =J82 -> 9 | K81: =K82 -> 9 | L81: =L82 -> 9
A82: Функционирование Правительства Российской Федерации, высших исполнительных органов государственной власти субъектов Российской Федерации, местных администраций | B82: 65 | C82: 2 | D82: 00 | E82: 41120 | F82: 850 | G82: 01 | H82: 04 | J82: =J83 -> 9 | K82: =K83 -> 9 | L82: =L83 -> 9
A83: Администрация Алтарского сельского поселения Ромодановского муниципального района Республики Мордовия | B83: 65 | C83: 2 | D83: 00 | E83: 41120 | F83: 850 | G83: 01 | H83: 04 | I83: 909 | J83: ='Приложение 2'!J29 -> 9 | K83: ='Приложение 2'!K29 -> 9 | L83: ='Приложение 2'!L29 -> 9
A84: ='Приложение 2'!A30 -> Субсидии на софинансирование расходных обязательств по финансовому обеспечению деятельности органов местного самоуправления и муниципальных учреждений | B84: 65 | C84: 2 | D84: 00 | E84: 44205 | J84: =J85 -> 80
A85: ='Приложение 2'!A31 -> Расходы на выплаты персоналу в целях обеспечения выполнения функций государственными (муниципальными) органами, казенными учреждениями, органами управления государственными внебюджетными фондами | B85: 65 | C85: 2 | D85: 00 | E85: 44205 | F85: 100 | J85: =J86 -> 80
A86: ='Приложение 2'!A32 -> Расходы на выплаты персоналу государственных (муниципальных) органов | B86: 65 | C86: 2 | D86: 00 | E86: 44205 | F86: 120 | J86: =J87 -> 80
A87: =A81 -> Общегосударственные вопросы | B87: 65 | C87: 2 | D87: 00 | E87: 44205 | F87: 120 | G87: 01 | J87: =J88 -> 80
A88: =A82 -> Функционирование Правительства Российской Федерации, высших исполнительных органов государственной власти субъектов Российской Федерации, местных администраций | B88: 65 | C88: 2 | D88: 00 | E88: 44205 | F88: 120 | G88: 01 | H88: 04 | J88: =J89 -> 80
A89: =A83 -> Администрация Алтарского сельского поселения Ромодановского муниципального района Республики Мордовия | B89: 65 | C89: 2 | D89: 00 | E89: 44205 | F89: 120 | G89: 01 | H89: 04 | I89: 909 | J89: ='Приложение 2'!J32 -> 80
A90: ='Приложение 2'!A74 -> Непрограммные расходы главных распорядителей средств бюджета Алтарского сельского поселения Ромодановского муниципального района Республики Мордовия | B90: 89 | J90: =J91 -> 48.7 | K90: =K91 -> 48.7 | L90: =L91 -> 48.7
A91: ='Приложение 2'!A75 -> Непрограммные расходы в рамках обеспечения деятельности главных распорядителей средств бюджета Алтарского сельского поселения Ромодановского муниципального района Республики Мордовия | B91: 89 | C91: 1 | J91: =J92+J98+J110+J104 -> 48.7 | K91: =K92+K98+K110+K104 -> 48.7 | L91: =L92+L98+L110+L104 -> 48.7
A92: ='Приложение 2'!A76 -> Доплаты к пенсиям муниципальных служащих Республики Мордовия | B92: 89 | C92: 1 | D92: 00 | E92: 03010 | J92: =J93 -> 41.5 | K92: =K93 -> 41.5 | L92: =L93 -> 41.5
A93: ='Приложение 2'!A77 -> Социальное обеспечение и иные выплаты населению | B93: 89 | C93: 1 | D93: 00 | E93: 03010 | F93: 300 | J93: =J94 -> 41.5 | K93: =K94 -> 41.5 | L93: =L94 -> 41.5
A94: ='Приложение 2'!A78 -> Публичные нормативные социальные выплаты гражданам | B94: 89 | C94: 1 | D94: 00 | E94: 03010 | F94: 310 | J94: =J95 -> 41.5 | K94: =K95 -> 41.5 | L94: =L95 -> 41.5
A95: ='Приложение 2'!A72 -> Социальная политика | B95: 89 | C95: 1 | D95: 00 | E95: 03010 | F95: 310 | G95: 10 | J95: =J96 -> 41.5 | K95: =K96 -> 41.5 | L95: =L96 -> 41.5
A96: ='Приложение 2'!A73 -> Пенсионное обеспечение | B96: 89 | C96: 1 | D96: 00 | E96: 03010 | F96: 310 | G96: 10 | H96: 01 | J96: =J97 -> 41.5 | K96: =K97 -> 41.5 | L96: =L97 -> 41.5
A97: =A83 -> Администрация Алтарского сельского поселения Ромодановского муниципального района Республики Мордовия | B97: 89 | C97: 1 | D97: 00 | E97: 03010 | F97: 310 | G97: 10 | H97: 01 | I97: 909 | J97: ='Приложение 2'!J78 -> 41.5 | K97: ='Приложение 2'!K78 -> 41.5 | L97: ='Приложение 2'!L78 -> 41.5
A98: ='Приложение 2'!A41 -> Резервный фонд администрации Алтарского сельского поселения Ромодановского муниципального района Республики Мордовия | B98: 89 | C98: 1 | D98: 00 | E98: 41180 | J98: =J99 -> 5 | K98: =K99 -> 5 | L98: =L99 -> 5
A99: ='Приложение 2'!A42 -> Иные бюджетные ассигнования | B99: 89 | C99: 1 | D99: 00 | E99: 41180 | F99: 800 | J99: =J100 -> 5 | K99: =K100 -> 5 | L99: =L100 -> 5
A100: ='Приложение 2'!A43 -> Резервные средства | B100: 89 | C100: 1 | D100: 00 | E100: 41180 | F100: 870 | J100: =J101 -> 5 | K100: =K101 -> 5 | L100: =L101 -> 5
...

Sheet прил5
C1: Приложение 5 к решению Совета депутатов Алтарского сельского поселения Ромодановского муниципального района Республики Мордовия «О внесении изменений в решение Совета депутатов Алтарского сельского поселения Ромодановского муниципального района Республики Мордовия от 29 декабря 2022 г № 24 «О бюджете Алтарского сельского поселения Ромодановского муниципального района Республики Мордовия на 2023 год и на плановый период 2024 и 2025 годов»
C2: Приложение 6 к проекту решения Совета депутатов Алтарского сельского поселения Ромодановского муниципального района Республики Мордовия «О бюджете Алтарского сельского поселения Ромодановского муниципального района Республики Мордовия на 2023 год и на плановый период 2024и 2025 годов»
A3: ИСТОЧНИКИ ВНУТРЕННЕГО ФИНАНСИРОВАНИЯ ДЕФИЦИТА БЮДЖЕТА АЛТАРСКОГО СЕЛЬСКОГО ПОСЕЛЕНИЯ РОМОДАНОВСКОГО МУНИЦИПАЛЬНОГО РАЙОНА РЕСПУБЛИКИ МОРДОВИЯ НА 2023 ГОД И НА ПЛАНОВЫЙ ПЕРИОД 2024 и 2025 ГОДОВ
A7: Код | B7: Наименование кода группы, подгруппы, статьи, вида источника финансирования дефицитов бюджетов, кода классификации операций сектора государственного управления, относящихся к источникам финансирования дефицитов бюджетов Российской Федерации | C7: Сумма (тыс. руб.)
C8: 2023 год | D8: 2024 год | E8: 2025 год
A9: 1 | B9: 2 | C9: 3 | D9: 4 | E9: 5
A10: 000 01 00 00 00 00 0000 000 | B10: ИСТОЧНИКИ ВНУТРЕННЕГО ФИНАНСИРОВАНИЯ ДЕФИЦИТОВ БЮДЖЕТОВ | C10: =C11+C22+C14+C18 -> 260.1 | D10: =D11+D22+D14+D18 -> -47.2 | E10: =E11+E22+E14+E18 -> -62.9
A11: 000 01 02 00 00 00 0000 000 | B11: Кредиты кредитных организаций в валюте Российской Федерации | C11: =SUM(C12) -> 0 | D11: =SUM(D12) -> 0 | E11: =SUM(E12) -> 0
A12: 000 01 02 00 00 00 0000 700 | B12: Привлечение кредитов от кредитных организаций в валюте Российской Федерации | C12: =SUM(C13) -> 0 | D12: =SUM(D13) -> 0 | E12: =SUM(E13) -> 0
A13: 000 01 02 00 00 05 0000 710 | B13: Привлечение кредитов от кредитных организаций бюджетами муниципальных районов в валюте Российской Федерации | C13: 0 | D13: 0 | E13: 0
A14: 000 01 03 00 00 00 0000 000 | B14: Бюджетные кредиты из других бюджетов бюджетной системы Российской Федерации | C14: =C15 -> -31.4 | D14: =D15 -> -47.2 | E14: =E15 -> -62.9
A15: 000 01 03 01 00 00 0000 000 | B15: Бюджетные кредиты из других бюджетов бюджетной системы Российской Федерации в валюте Российской Федерации | C15: =C16 -> -31.4 | D15: =D16 -> -47.2 | E15: =E16 -> -62.9
A16: 000 01 03 01 00 00 0000 800 | B16: Погашение бюджетных кредитов, полученных из других бюджетов бюджетной системы Российской Федерации в валюте Российской Федерации | C16: =SUM(C17) -> -31.4 | D16: =SUM(D17) -> -47.2 | E16: =SUM(E17) -> -62.9
A17: 000 01 03 01 00 10 0000 810 | B17: Погашение бюджетами сельских поселений кредитов из других бюджетов бюджетной системы Российской Федерации в валюте Российской Федерации | C17: -31.4 | D17: -47.2 | E17: -62.9
A18: 000 01 06 00 00 00 0000 000 | B18: Иные источники внутреннего финансирования дефицитов бюджетов | C18: =C19 -> 0 | D18: =D19 -> 0 | E18: =E19 -> 0
A19: 000 01 06 05 00 00 0000 000 | B19: Бюджетные кредиты, предоставленные внутри страны в валюте Российской Федерации | C19: =C20 -> 0 | D19: =D20 -> 0 | E19: =E20 -> 0
A20: 000 01 06 05 02 00 0000 600 | B20: Возврат бюджетных кредитов, предоставленных другим бюджетам бюджетной системы Российской Федерации в валюте Российской Федерации | C20: =C21 -> 0 | D20: =D21 -> 0 | E20: =E21 -> 0
A21: 000 01 06 05 02 05 0000 640 | B21: Возврат бюджетных кредитов, предоставленных другим бюджетам бюджетной системы Российской Федерации из бюджетов муниципальных районов в валюте Российской Федерации | C21: 0 | D21: 0 | E21: 0
A22: 000 01 05 00 00 00 0000 000 | B22: Изменения остатков средств на счетах по учету средств бюджета | C22: =C23+C26 -> 291.5 | D22: 0 | E22: 0
A23: 000 01 05 02 00 00 0000 500 | B23: Увеличение прочих остатков средств бюджетов | C23: =C24 -> -1744.6 | D23: =SUM(D24) -> -1255.3 | E23: =SUM(E24) -> -1321
A24: 000 01 05 02 01 00 0000 510 | B24: Увеличение прочих остатков денежных средств бюджетов | C24: =C25 -> -1744.6 | D24: =SUM(D25) -> -1255.3 | E24: =SUM(E25) -> -1321
A25: 000 01 05 02 01 10 0000 510 | B25: Увеличение прочих остатков денежных средств бюджетов сельских поселений | C25: -1744.6 | D25: -1255.3 | E25: -1321
A26: 000 01 05 02 00 00 0000 600 | B26: Уменьшение прочих остатков средств бюджетов | C26: =SUM(C27) -> 2036.1 | D26: =SUM(D27) -> 1255.3 | E26: =SUM(E27) -> 1321
A27: 000 01 05 02 01 00 0000 610 | B27: Уменьшение прочих остатков денежных средств бюджетов | C27: =SUM(C28) -> 2036.1 | D27: =SUM(D28) -> 1255.3 | E27: =SUM(E28) -> 1321
A28: 000 01 05 02 01 05 0000 610 | B28: Уменьшение прочих остатков денежных средств бюджетов муниципальных районов | C28: 2036.1 | D28: 1255.3 | E28: 1321
A29: 000 01 00 00 00 00 0000 000 | B29: Итого источников внутреннего финансирования дефицита бюджета Алтарского сельского поселения Ромодановского муниципального района Республики Мордовия | C29: 0 | D29: 0 | E29: 0
B30: собственные доходы | C30: 534.4 | D30: 539.4 | E30: 544.2
